 Dungeon Crawl Stone Soup version 0.18-a0-1300-g6e8322c (webtiles) character file.

652771 Scytalen the Sniper (level 27, -4/276 HPs)
             Began as a Kobold Berserker on Feb 10, 2016.
             Was the Champion of Trog.
             Slain by a golden dragon (13 damage)
             ... on level 5 of the Realm of Zot on Feb 12, 2016.
             The game lasted 06:08:41 (82241 turns).

Scytalen the Sniper (Kobold Berserker)             Turns: 82241, Time: 06:08:41

Health: -4/276     AC: 49    Str: 37    XL:     27
Magic:  32/32      EV: 36    Int:  7    God:    Trog [******]
Gold:   5796       SH:  4    Dex: 26    Spells: 0 memorised, 26 levels left

rFire  + + +     SeeInvis +     a - +9 lajatang of Precise Incision {venom, rF+ rC+ Str+4}
rCold  + + +     Gourm    .     p - +12 gold dragon armour
rNeg   . . .     Faith    .     (shield currently unavailable)
rPois  +         Spirit   .     t - +2 hat "Xozacwav" {*Contam rPois rF+ rC++}
rElec  .         Dismiss  .     J - +2 cloak {MR+}
rCorr  .         Reflect  +     I - +2 pair of gloves {Str+3}
SustAt .         Harm     .     N - +2 pair of boots {Fly}
MR     ++++.     Rnd*Rage +     l - amulet of Lausinor {Reflect Str+4 SH+4}
Stlth  ..........               u - ring of the Octopus King {rC+ AC+1 EV+1 Str+1 Int+1 Dex+1}
                                x - ring of Peun Jum {MR+ EV+3 SInv}

@: berserking (expiring), flying, very quick, incredibly resistant to hostile
enchantments, extremely unstealthy
A: icy blue scales 1, thin skeletal structure 1, yellow scales 1, berserk 1,
carnivore 3, clever 1, clumsy 1, fire resistance 1, low mp 1, wild magic 1
a: Berserk, Trog's Hand, Brothers in Arms, Burn Spellbooks, Renounce Religion,
Stop Flying
}: 4/15 runes: serpentine, barnacled, silver, abyssal


You were on level 5 of the Realm of Zot.
You worshipped Trog.
Trog was exalted by your worship.
You were very full.

You visited 10 branches of the dungeon, and saw 52 of its levels.
You visited the Abyss 1 time.
You also visited: Ice Cave and Wizlab.

You collected 10866 gold pieces.
You spent 4309 gold pieces at shops.

Inventory:

Hand Weapons
 a - the +9 lajatang of Precise Incision (weapon) {venom, rF+ rC+ Str+4}
   (Trog gifted it to you on level 11 of the Dungeon)

   It poisons the flesh of those it strikes.
   It affects your strength (+4).
   It protects you from fire.
   It protects you from cold.
 b - the +5 arbalest of the Last Suns {penet, *Confuse rElec rN+ Dex+9}
   (Trog gifted it to you on level 2 of the Depths)

   Ammo fired by it will pass through the targets it hits, potentially hitting
   all targets in its path until it reaches maximum range.
   It affects your dexterity (+9).
   It insulates you from electricity.
   It protects you from negative energy.
   It may confuse you when you take damage.
 B - a +9 triple crossbow of evasion
Missiles
 j - 67 bolts of frost
 A - 591 bolts
 F - 110 bolts of flame
 W - 43 silver bolts
Armour
 p - a +12 gold dragon armour (worn)
 t - the +2 hat "Xozacwav" (worn) {*Contam rPois rF+ rC++}
   (You found it on level 2 of the Depths)

   It protects you from fire.
   It greatly protects you from cold.
   It protects you from poison.
   It causes magical contamination when unequipped.
 I - a +2 pair of gloves of strength (worn)
 J - a +2 cloak of magic resistance (worn)
 N - a +2 pair of boots of flying (worn)
Jewellery
 g - the ring "Vomnuw" {rCorr Str+3 Dex+4}
   (You found it on level 4 of the Depths)

   [ring of resist corrosion]

   It affects your strength (+3).
   It affects your dexterity (+4).
 l - the amulet of Lausinor (around neck) {Reflect Str+4 SH+4}
   (You found it on level 3 of the Elven Halls)

   [amulet of reflection]

   It shields you and reflects attacks.
   It affects your strength (+4).
   It affects your SH (+4).
 u - a ring of the Octopus King (right hand) {rC+ AC+1 EV+1 Str+1 Int+1 Dex+1}
   (You bought it in a shop on level 8 of the Dungeon)

   [ring of protection from cold]

   It affects your AC (+1).
   It affects your evasion (+1).
   It affects your strength (+1).
   It affects your intelligence (+1).
   It affects your dexterity (+1).
   It protects you from cold.
 x - the ring of Peun Jum (left hand) {MR+ EV+3 SInv}
   (You bought it in a shop on level 8 of the Dungeon)

   [ring of evasion]

   It affects your evasion (+3).
   It affects your resistance to hostile enchantments.
   It lets you see invisible.
 K - the ring "Zexzaf" {Wiz rElec rPois Str+3 Int+3 Slay-3}
   (You found it on level 1 of the Vaults)

   [ring of wizardry]

   It improves your spell success rate.
   It affects your strength (+3).
   It affects your intelligence (+3).
   It affects your accuracy and damage with ranged weapons and melee attacks
   (-3).
   It insulates you from electricity.
   It protects you from poison.
Wands
 d - a wand of teleportation (4/9)
 k - a wand of digging (18/24)
 E - a wand of hasting (7/9)
 X - a wand of disintegration (7/24)
Scrolls
 e - a scroll of brand weapon
 n - 12 scrolls of teleportation
 s - a scroll of identify
 v - 11 scrolls of blinking
 y - 7 scrolls of magic mapping
 z - 10 scrolls of fog
 H - 5 scrolls of fear
 L - 8 scrolls of summoning
 P - 26 scrolls of remove curse
 Q - 2 scrolls of enchant weapon
 S - 4 scrolls of holy word
 T - a scroll of silence
Potions
 i - 2 potions of heal wounds
 m - a potion of cancellation
 o - 10 potions of curing
 q - 9 potions of might
 r - 5 potions of haste
 U - 5 potions of agility
 Z - 2 potions of resistance
Miscellaneous
 f - a fan of gales
 w - a stone of tremors
 C - a phial of floods
 G - a lamp of fire
 M - a phantom mirror
 O - an ornate deck of destruction {Venom}
Comestibles
 c - 32 meat rations
 V - a slice of pizza


   Skills:
 - Level 21.7 Fighting
   Level 14.6 Short Blades
 - Level 14.0 Staves
 - Level 26.0 Crossbows
 - Level 16.0 Armour
 - Level 23.3 Dodging
 + Level 21.9 Stealth
 - Level 18.4 Evocations


You had 26 spell levels left.
You didn't know any spells.

Dungeon Overview and Level Annotations

Branches:
Dungeon (15/15)            Temple (0/1) D:6            Lair (8/8) D:10
 Shoals (4/4) Lair:3        Snake (4/4) Lair:3        Slime (0/6) Lair:6
    Orc (2/2) D:11            Elf (3/3) Orc:2        Vaults (5/5) D:13
  Crypt (1/3) Vaults:2     Depths (5/5) D:15            Zot (5/5) Depths:5

Altars:
Dithmenos
Elyvilon
Fedhas
Gozag
Kikubaaqudgha
Nemelex Xobeh
Okawaru
Pakellas
Qazlal
Sif Muna
Vehumet
Xom
The Shining One

Shops:
D:5 }   D:8 =   D:10 (   D:15 [   Orc:2 =}*[   Elf:1 [   Shoals:3 *
Vaults:2 %   Vaults:3 ?   Vaults:4 ?   Vaults:5 %   Depths:3 [*[

Portals:
Hell: Depths:1 Depths:2 Depths:3 Depths:4 Depths:5
Abyss: Depths:3 Depths:4
Pandemonium: Depths:3
Ziggurat: Depths:1
Trove: Elf:1 (give +2 shadow dragon armour)

Annotations:
D:5 1 runed door
D:6 exclusion: door


Innate Abilities, Weirdness & Mutations

You are small and have problems with some larger weapons.
You are carnivorous and can eat meat at any time.
You are partially covered in icy blue scales (AC +1).
You have a somewhat thin skeletal structure (Dex +2, Stealth).
You are partially covered in yellow scales (AC +2).
You tend to lose your temper in combat.
Your mind is acute. (Int +2)
You are clumsy. (Dex -2)
Your flesh is heat resistant.
Your magical capacity is low (-10% MP).
Your spells are a little harder to cast, but a little more powerful.


Message History

You slice the tentacled monstrosity like a ripe choko!!!
The tentacled monstrosity is severely wounded.
You slash the tentacled monstrosity!
The tentacled monstrosity is severely wounded.
The golden dragon breathes cold at you. The bolt of cold misses you.
The tentacled monstrosity completely misses you. x2
You block the tentacled monstrosity's attack.
The tentacled monstrosity completely misses you.
You slice the tentacled monstrosity!!
The tentacled monstrosity is poisoned.
The tentacled monstrosity is almost dead.
You open the tentacled monstrosity like a pillowcase!!!
You kill the tentacled monstrosity!
Trog accepts your kill.
You slice the golden dragon!!
The golden dragon is poisoned.
The golden dragon is heavily wounded.
Your gold dragon armour prevents you from hitting the golden dragon.
The golden dragon is heavily wounded.
The golden dragon bites you!
You die...

#.............#
##...........##
#...........#
##...........#
#.............#
##.............#
##.....!.....(...
###...###########..
#D@..## #.
..((^(..### #
▓▓▓▓▓▓▓▓#


You could see a golden dragon.

Vanquished Creatures
  2 ancient liches (Zot:5)
  An orb of fire (Zot:3)
  A greater mummy (WizLab)
  Margery (Depths:5)
  Saint Roka (Depths:4)
  Norris (Depths:1)
  5 golden dragons
  2 caustic shrikes (Depths:4)
  Xtahua (Depths:5)
  A bone dragon (Abyss:3)
  Jorgrun (Snake:4)
  An electric golem (Zot:3)
  A hellephant (Abyss:2)
  8 liches
  3 titans (Vaults:5)
  12 tentacled monstrosities
  7 Orb Guardians (Zot:5)
  Asterion (Elf:2)
  3 deep elf blademasters
  2 deep elf master archers (Elf:3)
  3 tentacled starspawn (Abyss:2)
  4 sphinxes
  The ghost of Amnesiac the Brawler, an adept DrTm of Gozag (Elf:3)
  A death cob (Zot:2)
  An Executioner (Abyss:2)
  A kraken (Shoals:3)
  An ancient champion (Vaults:2)
  7 storm dragons
  Kirke (Shoals:2)
  6 shadow dragons
  A revenant (Crypt:1)
  7 tengu reavers
  5 fire giants
  7 greater nagas
  6 frost giants
  5 draconian monks
  Donald (Snake:4)
  4 draconian knights
  7 deep elf sorcerers
  An orc warlord (Vaults:5)
  An iron dragon (Vaults:5)
  5 draconian zealots
  Maud (D:12)
  Wiglaf (Elf:2)
  Louise (Depths:3)
  4 ghost moths
  5 draconian shifters
  22 vault wardens
  17 ironheart preservers
  2 draconian annihilators (Zot:1)
  A draconian scorcher (Zot:3)
  5 deep elf elementalists
  3 spriggan defenders (Depths:4)
  A salamander stormcaller (Vaults:4)
  24 stone giants
  3 war gargoyles (Vaults:5)
  A curse skull (Crypt:1)
  19 very ugly things
  The ghost of Lathuz the Severer, a journeyman HOBe of Trog (Lair:6)
  7 green draconians
  6 deep elf demonologists
  7 vampire knights
  3 draconian callers
  14 yellow draconians
  7 white draconians
  Azrael (D:13)
  5 black draconians
  11 red draconians
  7 deep elf annihilators
  5 purple draconians
  3 spark wasps
  An eidolon (Crypt:1)
  9 merfolk impalers
  5 mottled draconians
  9 ettins
  3 mummy priests (WizLab)
  A spark wasp (shapeshifter) (Elf:3)
  8 deep elf death magi
  3 merfolk javelineers (Shoals:4)
  The ghost of YrmMerkstave the Grappler, a journeyman TrMo of Cheibriados (D:11)
  14 fire dragons
  A quicksilver dragon zombie (Abyss:2)
  5 deep elf high priests
  11 great orbs of eyes
  6 jiangshi
  7 hydras
  47 vault guards
  7 entropy weavers
  14 ice dragons
  12 yaktaur captains
  A hell beast (Depths:1)
  13 naga warriors
  The ghost of HEYYEYAAE the Geomancer, a journeyman HuEE of Fedhas (D:10)
  A catoblepas (D:14)
  3 rakshasas
  A ghost crab (shapeshifter) (Vaults:4)
  12 merfolk aquamancers
  An alligator snapping turtle (Shoals:4)
  2 death knights
  7 spriggan air magi
  11 centaur warriors
  Erolcha (D:9)
  3 merfolk avatars (Shoals:4)
  18 anacondas
  An alligator (shapeshifter) (Vaults:5)
  5 death yaks
  7 vampire magi
  5 orc high priests
  7 tengu warriors
  10 small abominations
  7 deep troll earth magi
  12 ogre magi
  30 dancing weapons
  8 deep troll shamans
  6 spriggan berserkers
  Urug (D:15)
  2 thrashing horrors (Abyss:2)
  9 shock serpents
  15 naga sharpshooters
  The ghost of Uberwunderbarhen the Transmogrifier, a novice OpTm of Makhleb (D:13)
  33 deep elf knights
  4 soul eaters (Depths:1)
  6 salamander mystics
  2 sun demons
  13 hell knights
  4 wretched stars
  A fire crab (Vaults:3)
  37 deep trolls
  The ghost of Ratboiler the Nimble, a novice OpWn of Ashenzari (D:7)
  2 fire crabs (shapeshifter)
  A shadow wraith (Vaults:5)
  5 skeletal warriors
  8 large abominations
  3 unseen horrors
  A giant orange brain (Depths:1)
  An iron troll (Depths:1)
  7 sea snakes
  19 deep elf archers
  3 flayed ghosts
  18 ironbrand convokers
  Pikel (D:7)
  A sphinx zombie (WizLab)
  10 naga ritualists
  3 anubis guards (shapeshifter)
  A golden dragon skeleton (Abyss:2)
  8 hill giants
  A wolf spider zombie (Abyss:2)
  14 orc knights
  19 harpies
  64 deep elf magi
  A mana viper (shapeshifter) (D:15)
  An obsidian statue (Depths:1)
  5 phantasmal warriors
  6 orc sorcerers
  A stone giant zombie (WizLab)
  4 wizards
  2 wolf spiders
  10 manticores
  2 fauns (Shoals:3)
  22 griffons
  A tengu skeleton (Vaults:2)
  14 mana vipers
  7 necromancers
  A hornet (shapeshifter) (D:15)
  2 hornets
  20 salamanders
  A moth of wrath (shapeshifter) (Elf:1)
  An oklob plant (Lair:8)
  7 water nymphs
  A fire giant zombie (WizLab)
  52 ugly things
  10 cyclopes
  2 worldbinders (Abyss:2)
  2 shadow dragon skeletons
  2 centaur zombies (D:15)
  2 apocalypse crabs
  27 naga magi
  16 guardian serpents
  A rust devil (Depths:1)
  48 black mambas
  15 vault sentinels
  11 sirens
  Maurice (Orc:1)
  3 ice statues (IceCv)
  20 moths of wrath
  4 smoke demons
  Psyche (D:12)
  A torpor snail (Lair:7)
  A demonspawn zombie (WizLab)
  20 spiny frogs
  3 orange demons
  A titan simulacrum (Depths:3)
  3 gargoyles (D:14)
  12 komodo dragons
  A human zombie (Vaults:2)
  A yaktaur (shapeshifter) (Vaults:1)
  8 fire drakes
  A komodo dragon (shapeshifter) (Depths:5)
  10 freezing wraiths
  2 ice devils (Depths:1)
  2 kobold demonologists
  3 guardian mummies (WizLab)
  A redback zombie (D:15)
  A harpy zombie (D:15)
  2 ancient zymes (Abyss:5)
  51 yaktaurs
  An entropy weaver zombie (WizLab)
  3 red devils
  A death yak skeleton (Crypt:1)
  A queen bee (Abyss:4)
  2 tengu conjurers (Depths:2)
  A giant leech (shapeshifter) (Elf:3)
  28 merfolk
  9 polar bears
  A merfolk (shapeshifter) (Vaults:5)
  8 trolls
  14 two-headed ogres
  A harpy skeleton (D:15)
  A slime creature (shapeshifter) (Depths:5)
  9 blink frogs
  35 slime creatures
  4 boulder beetles
  16 raiju
  A snapping turtle (shapeshifter) (Vaults:4)
  2 wind drakes
  Prince Ribbit (D:7)
  A human simulacrum (Vaults:2)
  2 stone giant simulacra (Vaults:2)
  A deep troll zombie (WizLab)
  11 snapping turtles
  An ettin zombie (WizLab)
  14 flying skulls (Depths:2)
  2 redbacks (shapeshifter) (Vaults:5)
  Sigmund (D:2)
  6 air elementals
  19 water elementals
  10 redbacks
  4 spriggans (Depths:5)
  2 tarantellas
  An alligator skeleton (Crypt:1)
  62 yaks
  2 shadows (D:14)
  A human (D:8)
  2 vampires
  3 wraiths
  A hog (Shoals:2)
  4 wyverns
  3 fire elementals
  9 basilisks
  A basilisk (shapeshifter) (D:15)
  5 ynoxinuls
  A human (shapeshifter) (Vaults:5)
  A chaos spawn (Abyss:2)
  3 neqoxecs
  A wind drake skeleton (Crypt:1)
  A steam dragon (Lair:8)
  24 vampire mosquitoes
  12 hippogriffs
  2 hungry ghosts
  15 wargs
  A mottled dragon (Lair:8)
  47 nagas
  17 wolves
  A naga (shapeshifter) (Vaults:3)
  3 tengu zombies (WizLab)
  A water moccasin (shapeshifter) (Vaults:5)
  15 water moccasins
  A soldier ant (D:12)
  12 hell hounds
  37 orc warriors
  13 porcupines
  12 black bears (Lair:8)
  A porcupine (shapeshifter) (Elf:1)
  2 swamp drakes (Lair:8)
  An eye of draining (shapeshifter) (Vaults:2)
  A sky beast (D:11)
  An eye of draining (D:12)
  A phantom (D:9)
  4 slaves (D:7)
  2 necrophages (D:11)
  2 elf zombies (WizLab)
  18 ice beasts
  4 wasps
  A boggart (shapeshifter) (Depths:4)
  45 ogres
  24 centaurs
  9 boggarts
  24 crocodiles
  2 big kobolds
  24 giant frogs
  A gnoll sergeant (D:11)
  2 earth elementals (Elf:2)
  A wyvern skeleton (D:8)
  A water moccasin zombie (D:12)
  A water moccasin skeleton (D:7)
  17 killer bees
  3 scorpions
  17 wights
  An electric eel (Elf:3)
  A lava snake (D:14)
  11 crimson imps
  9 starcursed masses (Abyss:2)
  2 quasits (Abyss:2)
  19 hounds
  5 jellies
  4 giant frog zombies
  18 orc priests
  5 giant frog skeletons
  29 orc wizards
  6 centaur skeletons
  2 gnoll shamans
  4 iron imps
  16 iguanas
  15 worker ants
  17 sheep
  A sheep (shapeshifter) (Vaults:2)
  3 hound skeletons
  2 worker ant zombies
  14 gnolls
  56 river rats
  15 adders
  4 shadow imps
  4 white imps
  A giant eyeball (Depths:4)
  An adder zombie (D:6)
  4 worms
  12 giant geckos
  132 orcs
  3 ball pythons
  7 bats
  5 giant cockroaches
  8 goblins
  7 hobgoblins
  21 jackals
  4 quokkas
  4 giant newts
  11 kobolds
  A quokka skeleton (D:5)
  9 rats
  2 bushes (Lair:7)
  5 fungi
  4 plants
  4 starspawn tentacles (Abyss:2)
2668 creatures vanquished.

Vanquished Creatures (collateral kills)
  An ancient lich (Depths:4)
  Sojobo (Depths:4)
  An iron giant (Depths:2)
  A golden dragon (Depths:4)
  The ghost of ThermosAquaticus the Grand Gadgeteer, an adept DsAr of Pakellas (Vaults:2)
  A lich (Depths:4)
  Ilsuiw (Shoals:3)
  3 greater nagas (Snake:4)
  A fire giant (Depths:1)
  A vault warden (Vaults:4)
  An ironheart preserver (Vaults:4)
  A spriggan defender (Depths:4)
  A stone giant (Depths:1)
  Nessos (D:15)
  A very ugly thing (Depths:2)
  An eidolon (Crypt:1)
  3 ettins
  2 fire dragons
  A merfolk impaler (Depths:2)
  2 great orbs of eyes
  2 ice dragons
  4 yaktaur captains
  An ogre mage (Depths:3)
  An anaconda (Snake:4)
  A hydra (Lair:5)
  A naga warrior (Snake:2)
  2 merfolk aquamancers (Shoals:4)
  A deep troll shaman (Depths:4)
  3 deep troll earth magi
  5 death yaks (Lair:7)
  A tengu warrior (Depths:2)
  A spriggan berserker (Depths:4)
  A shock serpent (Snake:4)
  An orc high priest (Elf:2)
  A soul eater (Depths:3)
  An iron troll (Depths:3)
  A flayed ghost (Depths:3)
  6 deep trolls
  A giant orange brain (Depths:2)
  The ghost of Ijustatesigmund the Skirmisher, a novice DsBe of Trog (D:6)
  A hill giant (Vaults:1)
  A griffon (D:15)
  A faun (Shoals:3)
  A deep elf mage (Elf:2)
  A wizard (Depths:4)
  A cyclops (Shoals:4)
  2 salamanders
  A spriggan zombie (Depths:3)
  3 sirens
  2 vault sentinels
  3 naga magi
  2 guardian serpents
  3 yaktaurs
  2 tengu conjurers (Depths:2)
  2 fire drakes (Lair:5)
  A jumping spider (Depths:2)
  4 merfolk
  2 wind drakes
  2 two-headed ogres
  A redback (Depths:2)
  6 flying skulls (Depths:2)
  An air elemental (Depths:3)
  2 tarantellas (shapeshifter)
  3 water elementals
  2 basilisks
  A steam dragon (Lair:8)
  Menkaure (D:4)
  7 nagas
  An orc warrior (Depths:4)
  A centaur (D:7)
  4 ogres
  A crocodile (Lair:8)
  A scorpion (D:4)
  An orc priest (D:4)
  3 orc wizards (D:4)
  A gnoll (D:1)
  A shadow imp (D:15)
  A giant eyeball (Depths:4)
  A hobgoblin (D:1)
  A fungus (Lair:7)
  A plant (Lair:8)
139 creatures vanquished.

Vanquished Creatures (others)
  A merfolk impaler (Depths:4)
  An ironheart preserver (Vaults:5)
  A very ugly thing (Depths:4)
  A stone giant (Vaults:4)
  A deep elf annihilator (Depths:4)
  An ettin (Depths:5)
  A deep elf high priest (Elf:2)
  A great orb of eyes (Depths:2)
  An entropy weaver (Depths:2)
  2 ice dragons (Depths:3)
  A merfolk aquamancer (Shoals:4)
  A tengu warrior (Depths:2)
  An ogre mage (Vaults:2)
  A storm dragon zombie (Depths:3)
  2 deep trolls (Depths:3)
  A moth of wrath (Zot:5)
  An ugly thing (D:15)
  A vault sentinel (Vaults:2)
  2 yaktaurs (Depths:5)
  A merfolk (Snake:4)
  A human (Shoals:2)
  A small abomination (Abyss:4)
  A naga (Depths:1)
  A wasp (Depths:5)
  A boggart (Vaults:3)
  A killer bee (Abyss:4)
  A white imp (Abyss:2)
  2 orcs
  6 fungi
  50 plants
  7 starspawn tentacles
  180 starspawn tentacle segments
  4 tentacles (Shoals:3)
  21 tentacle segments (Shoals:3)
300 creatures vanquished.

Grand Total: 3107 creatures vanquished

Notes
Turn   | Place    | Note
--------------------------------------------------------------
     0 | D:1      | Scytalen the Kobold Berserker began the quest for the Orb.
     0 | D:1      | Reached XP level 1. HP: 14/14 MP: 1/1
    30 | D:1      | Found a sparkling altar of Nemelex Xobeh.
   264 | D:1      | Reached XP level 2. HP: 19/19 MP: 2/2
   381 | D:1      | Reached skill level 5 in Short Blades
   621 | D:1      | Reached XP level 3. HP: 19/23 MP: 3/3
  1192 | D:2      | Reached ** piety under Trog
  1429 | D:2      | Reached skill level 6 in Short Blades
  1429 | D:2      | Reached XP level 4. HP: 28/28 MP: 4/4
  1507 | D:2      | Found a shimmering altar of Xom.
  1708 | D:2      | Noticed Sigmund
  1733 | D:2      | Killed Sigmund
  1733 | D:2      | Reached skill level 8 in Short Blades
  1733 | D:2      | Reached XP level 5. HP: 32/32 MP: 5/5
  1733 | D:2      | Reached XP level 6. HP: 37/37 MP: 6/6
  2132 | D:2      | Found a deep blue altar of Sif Muna.
  2192 | D:2      | Found a glowing golden altar of the Shining One.
  2501 | D:3      | Found a blossoming altar of Fedhas.
  2593 | D:3      | Reached skill level 9 in Short Blades
  3013 | D:3      | Reached *** piety under Trog
  3039 | D:3      | Reached XP level 7. HP: 41/41 MP: 7/7
  3746 | D:4      | Found an iron altar of Okawaru.
  4118 | D:4      | Noticed Menkaure
  4155 | D:4      | Killed Menkaure
  4155 | D:4      | Reached skill level 10 in Short Blades
  4395 | D:4      | Found a deep blue altar of Sif Muna.
  4552 | D:5      | Entered Level 5 of the Dungeon
  4723 | D:5      | Reached skill level 11 in Short Blades
  4807 | D:5      | Found a runed door.
  4808 | D:5      | Found a white marble altar of Elyvilon.
  4808 | D:5      | Noticed an angel
  4836 | D:5      | Reached XP level 8. HP: 46/46 MP: 8/8
  4990 | D:5      | Found Qax Sag's Gadget Shop.
  5049 | D:5      | Reached **** piety under Trog
  5116 | D:5      | Found a stormy altar of Qazlal.
  5523 | D:6      | Found a staircase to the Ecumenical Temple.
  5542 | D:6      | Reached skill level 12 in Short Blades
  5918 | D:4      | Reached skill level 13 in Short Blades
  6105 | D:6      | Noticed Ijustatesigmund's ghost (novice DsBe)
  6124 | D:6      | Killed Ijustatesigmund's ghost
  6124 | D:6      | Reached XP level 9. HP: 51/51 MP: 9/9
  6843 | D:6      | Reached skill level 5 in Fighting
  7091 | D:7      | Noticed Prince Ribbit
  7223 | D:7      | Killed Prince Ribbit
  7730 | D:7      | Found a white marble altar of Elyvilon.
  7792 | D:7      | Noticed Ratboiler's ghost (novice OpWn)
  7807 | D:7      | Killed Ratboiler's ghost
  7930 | D:7      | Reached skill level 5 in Armour
  7930 | D:7      | Reached XP level 10. HP: 37/60 MP: 10/10
  8596 | D:7      | Noticed Pikel
  8616 | D:7      | Killed Pikel
  9205 | D:8      | Reached skill level 14 in Short Blades
  9344 | D:8      | Found Lirob's Jewellery Shop.
  9455 | D:8      | Got a flickering graven amulet
  9597 | D:8      | Reached ***** piety under Trog
 10096 | D:9      | Identified the amulet of Zefuguk {RegenMP rF- Str-3 Int+4 Dex+10} (You found it on level 8 of the Dungeon)
 10233 | D:9      | Found an oddly glowing altar of Pakellas.
 10319 | D:9      | Got a shadowed robe
 10330 | D:9      | Identified the +2 robe "Jiss" {Slay+5} (You found it on level 9 of the Dungeon)
 10596 | D:9      | Noticed Erolcha
 10614 | D:9      | Killed Erolcha
 10614 | D:9      | Reached XP level 11. HP: 50/64 MP: 11/11
 10799 | D:10     | Entered Level 10 of the Dungeon
 10880 | D:10     | Found a staircase to the Lair.
 10991 | D:10     | Noticed HEYYEYAAE's ghost (journeyman HuEE)
 11028 | D:10     | Killed HEYYEYAAE's ghost
 11255 | D:10     | Found Kaoreug's Weapon Shoppe.
 11299 | D:10     | Noticed a hill giant
 11311 | D:10     | Killed a hill giant
 11554 | D:10     | Reached skill level 1 in Stealth
 12048 | D:11     | Noticed a hill giant
 12061 | D:11     | Killed a hill giant
 12061 | D:11     | Reached skill level 5 in Stealth
 12344 | D:11     | Noticed a cyclops
 12357 | D:11     | Killed a cyclops
 12406 | D:11     | Noticed a cyan ugly thing
 12408 | D:11     | Noticed a manticore
 12415 | D:11     | Killed a cyan ugly thing
 12420 | D:11     | Killed a manticore
 12420 | D:11     | Received a gift from Trog
 12496 | D:11     | Got a crude lajatang {god gift}
 12497 | D:11     | Identified the +9 lajatang of Precise Incision {venom, rF+ rC+ Str+4} (Trog gifted it to you on level 11 of the Dungeon)
 12542 | D:11     | Found a staircase to the Orcish Mines.
 12837 | D:11     | Killed an unseen horror
 12837 | D:11     | Reached XP level 12. HP: 66/72 MP: 12/12
 13316 | D:11     | Noticed YrmMerkstave's ghost (journeyman TrMo)
 13331 | D:11     | Killed YrmMerkstave's ghost
 13750 | Lair:1   | Entered Level 1 of the Lair of Beasts
 13767 | Lair:1   | Found a frozen archway.
 13843 | IceCv    | Entered an ice cave
 13852 | IceCv    | Received a gift from Trog
 13852 | IceCv    | Reached skill level 10 in Fighting
 13905 | IceCv    | Reached skill level 1 in Staves
 14387 | Lair:1   | Identified the Papyrus of Dislocated Necromancy
 15031 | Lair:1   | Got a pair of ichor-stained boots
 15042 | Lair:1   | Identified the cursed +0 pair of boots of Nihilism {rN++ Int+4} (You found it on level 1 of the Lair of Beasts)
 15187 | Lair:2   | Gained mutation: You have a somewhat thin skeletal structure (Dex +2, Stealth). [potion of mutation]
 15187 | Lair:2   | Gained mutation: You are resistant to electric shocks. [potion of mutation]
 15187 | Lair:2   | Lost mutation: You are resistant to electric shocks. [potion of mutation]
 15188 | Lair:2   | Gained mutation: Your body sometimes deteriorates upon taking damage. [potion of mutation]
 15188 | Lair:2   | Gained mutation: You are partially covered in iridescent scales (AC +4). [potion of mutation]
 15188 | Lair:2   | Gained mutation: You possess an exceptional clarity of mind. [potion of mutation]
 15500 | Lair:2   | Reached skill level 5 in Staves
 15652 | Lair:2   | Reached XP level 13. HP: 82/82 MP: 13/13
 16257 | Lair:3   | Found a staircase to the Snake Pit.
 16836 | D:8      | Bought a ring of the Octopus King {rC+ AC+1 EV+1 Str+1 Int+1 Dex+1} for 653 gold pieces
 17006 | Lair:3   | Noticed a four-headed hydra
 17023 | Lair:3   | Killed a nine-headed hydra
 17424 | Lair:3   | Reached skill level 10 in Staves
 17678 | Lair:3   | Found a staircase to the Shoals.
 18356 | Lair:4   | Reached ****** piety under Trog
 19196 | Lair:5   | Reached XP level 14. HP: 79/88 MP: 14/14
 19946 | Lair:6   | Noticed Lathuz's ghost (journeyman HOBe)
 19956 | Lair:6   | Killed Lathuz's ghost
 20029 | Lair:6   | Received a gift from Trog
 20346 | Lair:6   | Found a staircase to the Slime Pits.
 22330 | Lair:8   | Entered Level 8 of the Lair of Beasts
 22340 | Lair:8   | Reached skill level 10 in Dodging
 22560 | Lair:8   | Reached XP level 15. HP: 92/92 MP: 15/15
 22570 | Lair:8   | Received a gift from Trog
 23255 | Lair:8   | Received a gift from Trog
 23410 | Lair:8   | Reached skill level 1 in Evocations
 23791 | Lair:8   | Reached skill level 10 in Stealth
 24351 | D:12     | Noticed Psyche
 24438 | D:12     | Killed Psyche
 24965 | D:12     | Reached skill level 5 in Evocations
 25063 | D:12     | Noticed Maud
 25072 | D:12     | Killed Maud
 25425 | D:13     | Noticed Azrael
 25460 | D:13     | Killed Azrael
 25467 | D:13     | Received a gift from Trog
 25870 | D:13     | Noticed Uberwunderbarhen's ghost (novice OpTm)
 25882 | D:13     | Killed Uberwunderbarhen's ghost
 25882 | D:13     | Reached XP level 16. HP: 97/97 MP: 20/20
 26366 | D:13     | Found a gate to the Vaults.
 27444 | D:15     | Entered Level 15 of the Dungeon
 27490 | D:15     | Reached skill level 10 in Evocations
 28220 | D:15     | Found Pets's Armour Boutique.
 28447 | D:15     | Noticed Urug
 28538 | D:15     | Noticed Nessos
 28540 | D:15     | Killed Urug
 28546 | D:15     | Killed Nessos
 28962 | D:15     | Found a staircase to the Depths.
 29265 | D:8      | Bought the ring of Peun Jum {MR+ EV+3 SInv} for 529 gold pieces
 29392 | Orc:1    | Entered Level 1 of the Orcish Mines
 29392 | Orc:1    | Noticed Maurice
 29395 | Orc:1    | Killed Maurice
 29700 | Orc:2    | Entered Level 2 of the Orcish Mines
 29842 | Orc:2    | Found a staircase to the Elven Halls.
 30145 | Orc:2    | Received a gift from Trog
 30254 | Orc:2    | Reached XP level 17. HP: 79/103 MP: 26/26
 30575 | Orc:2    | Found Jucsu's Jewellery Boutique.
 30575 | Orc:2    | Found Jiasm's Antique Armour Emporium.
 30579 | Orc:2    | Found Gofigeaf's Assorted Antiques.
 30579 | Orc:2    | Found Oterrech's Gadget Boutique.
 30589 | Orc:2    | Bought a scroll of identify for 42 gold pieces
 30593 | Orc:2    | Bought the amulet of Agnosticism {Spirit Str+3} for 692 gold pieces
 30597 | Orc:2    | Bought a lamp of fire for 600 gold pieces
 30600 | Orc:2    | Bought a pair of embroidered boots for 126 gold pieces
 30979 | Snake:1  | Entered Level 1 of the Snake Pit
 31439 | Snake:1  | Received a gift from Trog
 32075 | Snake:2  | Reached skill level 15 in Dodging
 32527 | Snake:2  | Received a gift from Trog
 33486 | Snake:3  | Reached skill level 16 in Dodging
 33557 | Snake:3  | Reached XP level 18. HP: 90/114 MP: 24/27
 34844 | Snake:3  | Received a gift from Trog
 35018 | Snake:4  | Entered Level 4 of the Snake Pit
 35990 | Snake:4  | Noticed Jorgrun
 36025 | Snake:4  | Killed Jorgrun
 36144 | Snake:4  | Reached skill level 17 in Dodging
 37192 | Snake:4  | Received a gift from Trog
 38023 | Snake:4  | Reached skill level 18 in Dodging
 38027 | Snake:4  | Reached XP level 19. HP: 88/121 MP: 24/29
 38397 | Snake:4  | Hired Gofyitwa the merfolk for 309 gold.
 38410 | Snake:4  | Your ally Gofyitwa died
 38888 | Snake:4  | Reached skill level 15 in Evocations
 39353 | Snake:4  | Noticed Donald
 39466 | Snake:4  | Killed Donald
 39510 | Snake:4  | Got a serpentine rune of Zot
 39639 | Shoals:1 | Entered Level 1 of the Shoals
 40069 | Shoals:1 | Reached skill level 19 in Dodging
 40560 | Shoals:2 | Received a gift from Trog
 40922 | Shoals:2 | Noticed Kirke
 40935 | Shoals:2 | Killed Kirke
 41112 | Shoals:2 | Identified a scroll of acquirement
 41115 | Shoals:2 | Got an ichor-stained cloak
 41126 | Shoals:2 | Identified the -6 cloak of Jaebraych {rC+ Str+2} (You acquired it on level 2 of the Shoals)
 41565 | Shoals:3 | Noticed Ilsuiw
 41581 | Shoals:3 | Killed Ilsuiw
 42109 | Shoals:3 | Reached XP level 20. HP: 128/128 MP: 32/32
 42511 | Shoals:3 | Found Qutusena's Assorted Antiques.
 42855 | Shoals:4 | Entered Level 4 of the Shoals
 42891 | Shoals:4 | Received a gift from Trog
 42914 | Shoals:4 | Got a barnacled rune of Zot
 43880 | Shoals:4 | Reached skill level 15 in Fighting
 45088 | D:10     | Received a gift from Trog
 45255 | Vaults:1 | Entered Level 1 of the Vaults
 45516 | Vaults:1 | Got an encrusted plate armour
 45531 | Vaults:1 | Identified the cursed +0 plate armour of Grace {MP+9 Str+4 Dex-2} (You found it on level 1 of the Vaults)
 45718 | Vaults:1 | Got a smoking lapis lazuli ring
 46088 | Vaults:1 | Reached XP level 21. HP: 136/136 MP: 33/33
 46648 | Vaults:1 | Reached skill level 10 in Armour
 46658 | Vaults:1 | Received a gift from Trog
 46915 | Vaults:1 | Identified the ring "Zexzaf" {Wiz rElec rPois Str+3 Int+3 Slay-3} (You found it on level 1 of the Vaults)
 47024 | Vaults:1 | Reached skill level 1 in Crossbows
 47217 | Vaults:2 | Found Xasidouh's Food Emporium.
 47548 | Vaults:2 | Got a distressingly furry robe
 47559 | Vaults:2 | Identified the +1 robe "Tirix" {+Fly rElec rPois Str-4} (You found it on level 2 of the Vaults)
 48774 | Vaults:2 | Received a gift from Trog
 48865 | Vaults:2 | Reached skill level 5 in Crossbows
 49090 | Vaults:2 | Noticed ThermosAquaticus's ghost (adept DsAr)
 49104 | Vaults:2 | Killed ThermosAquaticus's ghost
 49707 | Vaults:2 | Received a gift from Trog
 49779 | Vaults:2 | Reached XP level 22. HP: 65/144 MP: 22/35
 50141 | Vaults:2 | Found a staircase to the Crypt.
 50310 | Vaults:3 | Found a magical portal.
 50343 | WizLab   | Entered Doroklohe's Tomb
 50817 | WizLab   | Noticed a greater mummy
 50832 | WizLab   | Killed a greater mummy
 51319 | Vaults:3 | Got a twisted plate armour
 51330 | Vaults:3 | Identified the +2 plate armour of the Dozen Ships {rF++ Str+4 Dex+3} (You acquired it on level 3 of the Vaults)
 52047 | Vaults:3 | Received a gift from Trog
 52287 | Vaults:3 | Found Ruifos's Magic Scroll Boutique.
 52290 | Vaults:3 | Bought a scroll of acquirement for 624 gold pieces
 52884 | Vaults:4 | Received a gift from Trog
 53428 | Vaults:4 | Received a gift from Trog
 53672 | Vaults:4 | Found Yhakuok's Magic Scroll Shoppe.
 53680 | Vaults:4 | Bought a scroll of acquirement for 728 gold pieces
 53702 | Vaults:4 | Reached skill level 10 in Crossbows
 54307 | Vaults:4 | Received a gift from Trog
 54866 | Vaults:5 | Entered Level 5 of the Vaults
 54941 | Vaults:3 | Reached XP level 23. HP: 152/152 MP: 36/36
 55284 | Depths:1 | Entered Level 1 of the Depths
 55537 | Depths:1 | Noticed Norris
 55859 | Depths:1 | XOM: summons friendly white imp
 55863 | Depths:1 | Paralysed by Norris for 2 turns
 55872 | Depths:1 | Killed Norris
 56392 | Depths:1 | Found a gateway to a ziggurat.
 56947 | Depths:1 | Found a gateway to Hell.
 56987 | Depths:1 | Hired Riadgh the merfolk for 283 gold.
 57675 | Depths:1 | Hired Fyoduawk the naga for 169 gold.
 57748 | Depths:2 | Noticed an iron giant
 57753 | Depths:2 | Reached skill level 15 in Crossbows
 57757 | Depths:2 | Killed an iron giant
 58253 | Depths:2 | Received a gift from Trog
 58254 | Depths:2 | Got a pitted arbalest {god gift}
 58286 | Depths:2 | Identified the +5 arbalest of the Last Suns {penet, *Confuse rElec rN+ Dex+9} (Trog gifted it to you on level 2 of the Depths)
 58945 | Depths:2 | Got a slimy hat
 58951 | Depths:2 | Identified the +2 hat "Rometet" {+Fly Dex+4} (You found it on level 2 of the Depths)
 59081 | Depths:2 | Found a radiant altar of Vehumet.
 59087 | Depths:2 | Got a twisted hat
 59098 | Depths:2 | Identified the +2 hat "Xozacwav" {*Contam rPois rF+ rC++} (You found it on level 2 of the Depths)
 59106 | Depths:2 | Got a dull robe
 59107 | Depths:2 | Identified the cursed +1 robe of the Pleiades {rElec Regen+ Slay-5} (You found it on level 2 of the Depths)
 59110 | Depths:2 | Got a bloodstained robe
 59111 | Depths:2 | Identified the cursed +0 robe "Yfuga" {*Corrode rElec rC+ Dex+9} (You found it on level 2 of the Depths)
 59188 | Depths:3 | Reached XP level 24. HP: 113/157 MP: 27/36
 59267 | Depths:3 | Found Gozag's Antique Armour Shoppe.
 59273 | Depths:3 | Found an opulent altar of Gozag.
 59273 | Depths:3 | Noticed a golden dragon
 59281 | Depths:3 | Found Gozag's Assorted Antiques.
 59340 | Depths:3 | Received a gift from Trog
 59520 | Depths:3 | Noticed Louise
 59543 | Depths:3 | Found a one-way gate to the infinite horrors of the Abyss.
 59698 | Depths:3 | Killed Louise
 59755 | Depths:3 | Found Gozag's Antique Armour Emporium.
 59764 | Depths:3 | Killed a golden dragon
 59862 | Depths:3 | Received a gift from Trog
 60510 | Depths:3 | Found a one-way gate leading to the halls of Pandemonium.
 60727 | Depths:3 | Upgraded the game from 0.18-a0-1293-g5a2c81a to 0.18-a0-1300-g6e8322c
 61174 | Depths:4 | Got a vibrating marble ring
 61175 | Depths:4 | Identified the ring "Kaelapav" {+Fly rPois rC+} (You took it off a vampire knight on level 4 of the Depths)
 61203 | Depths:4 | Found a glowing golden altar of the Shining One.
 61225 | Depths:4 | Received a gift from Trog
 61247 | Depths:4 | Paralysed by a giant eyeball for 3 turns
 61252 | Depths:4 | Your ally Riadgh died
 61258 | Depths:4 | Paralysed by a giant eyeball for 4 turns
 61284 | Depths:4 | Noticed a golden dragon
 61285 | Depths:4 | Killed a golden dragon
 61580 | Depths:4 | Got a wavering silver ring
 61846 | Depths:4 | Identified the ring "Soasm" {*Tele rElec rF- MP+9 SInv} (You took it off a spriggan berserker on level 4 of the Depths)
 61849 | Depths:4 | Got a shimmering ivory ring
 61850 | Depths:4 | Identified the ring "Vomnuw" {rCorr Str+3 Dex+4} (You found it on level 4 of the Depths)
 62007 | Depths:4 | Noticed Saint Roka
 62019 | Depths:4 | Killed Saint Roka
 62019 | Depths:4 | Received a gift from Trog
 62064 | Depths:4 | Noticed a caustic shrike
 62246 | Depths:4 | Killed a caustic shrike
 62246 | Depths:4 | Reached XP level 25. HP: 164/164 MP: 36/36
 62319 | Depths:4 | Noticed a caustic shrike
 62329 | Depths:4 | Killed a caustic shrike
 62329 | Depths:4 | Reached skill level 20 in Crossbows
 62494 | Depths:4 | Found a shadowy altar of Dithmenos.
 62754 | Depths:4 | Noticed Sojobo
 62756 | Depths:4 | Noticed an ancient lich
 62769 | Depths:4 | Killed Sojobo
 62773 | Depths:4 | Killed an ancient lich
 62907 | Depths:4 | Got a pair of dazzling gloves
 62908 | Depths:4 | Identified the +2 pair of gloves "Vori" {-Tele rElec Dex+3} (You found it on level 4 of the Depths)
 63036 | Depths:1 | Your ally Fyoduawk died
 63111 | D:15     | Reached skill level 21 in Crossbows
 64054 | Depths:4 | Found a sparkling altar of Nemelex Xobeh.
 64158 | Depths:4 | Received a gift from Trog
 64739 | Depths:5 | Entered Level 5 of the Depths
 65785 | Depths:5 | Received a gift from Trog
 65802 | Depths:5 | Noticed Margery
 65982 | Depths:5 | Killed Margery
 66109 | Depths:5 | Received a gift from Trog
 66226 | Depths:5 | Found a gate to the Realm of Zot.
 66248 | Depths:5 | Reached XP level 26. HP: 164/170 MP: 36/36
 66312 | Depths:5 | Noticed Xtahua
 66326 | Depths:5 | Killed Xtahua
 67083 | Elf:1    | Entered Level 1 of the Elven Halls
 67100 | Elf:1    | Gained mutation: Your magical capacity is low (-10% MP). [helix card]
 67103 | Elf:1    | Lost mutation: You possess an exceptional clarity of mind. [helix card]
 67103 | Elf:1    | Gained mutation: Your flesh is cold resistant. [helix card]
 67111 | Elf:1    | Drew Focus: Dex increased to 24, Int decreased to 4
 67121 | Elf:1    | Lost mutation: Your magical capacity is low (-10% MP). [helix card]
 67121 | Elf:1    | Gained mutation: Your magical capacity is low (-10% MP). [helix card]
 67127 | Elf:1    | Drew Focus: Dex increased to 25, Int decreased to 3
 67128 | Elf:1    | Lost mutation: Your flesh is cold resistant. [helix card]
 67184 | Elf:1    | Found Ygeu's Antique Armour Emporium.
 67275 | Elf:1    | Reached skill level 22 in Crossbows
 67414 | Elf:1    | Received a gift from Trog
 67594 | Elf:1    | Lost mutation: Your body sometimes deteriorates upon taking damage. [mutagenic meat]
 67700 | Elf:1    | Found a deep blue altar of Sif Muna.
 68012 | Elf:1    | Found a portal to a secret trove of treasure.
 68438 | Elf:2    | Noticed Asterion
 68461 | Elf:2    | Killed Asterion
 68708 | Elf:2    | Reached skill level 23 in Crossbows
 68725 | Elf:2    | Found a huge runed gate.
 68725 | Elf:2    | Found a huge runed gate.
 68728 | Elf:2    | Found a huge runed gate.
 68729 | Elf:2    | Found a huge runed gate.
 68731 | Elf:2    | Found a huge runed gate.
 69139 | Elf:2    | Noticed Wiglaf
 69163 | Elf:2    | Killed Wiglaf
 69461 | Elf:2    | Received a gift from Trog
 69760 | Elf:3    | Entered Level 3 of the Elven Halls
 70049 | Elf:3    | Reached skill level 24 in Crossbows
 70114 | Elf:3    | Gained mutation: You tend to lose your temper in combat. [a cacodemon]
 70312 | Elf:3    | Received a gift from Trog
 70335 | Elf:3    | Gained mutation: You are weak. (Str -2) [a neqoxec]
 70336 | Elf:3    | Gained mutation: You are clumsy. (Dex -2) [a neqoxec]
 70349 | Elf:3    | Reached XP level 27. HP: 138/176 MP: 26/32
 70405 | Elf:3    | Received a gift from Trog
 70518 | Elf:3    | Identified the Guide on Congealing Conjuration
 70576 | Elf:3    | Got a bound graven amulet
 70577 | Elf:3    | Identified the amulet of Lausinor {Reflect Str+4 SH+4} (You found it on level 3 of the Elven Halls)
 70692 | Elf:3    | Identified the Incunabulum of Unholy Rituals
 70812 | Elf:3    | Received a gift from Trog
 70821 | Elf:3    | Reached skill level 25 in Crossbows
 70989 | Elf:3    | Noticed Amnesiac's ghost (adept DrTm)
 71015 | Elf:3    | Killed Amnesiac's ghost
 71215 | Elf:3    | Found an ancient bone altar of Kikubaaqudgha.
 71320 | Elf:3    | Received a gift from Trog
 71323 | Elf:3    | Got a pitted lajatang {god gift}
 71324 | Elf:3    | Identified the +4 lajatang of Pumer {flame, Str+2 Dex+4} (Trog gifted it to you on level 3 of the Elven Halls)
 72114 | Depths:3 | Voluntarily entered the Abyss.
 72114 | Abyss:1  | Found a corrupted altar of Lugonu.
 72150 | Abyss:2  | Found an ancient bone altar of Kikubaaqudgha.
 72675 | Abyss:2  | Gained mutation: Your flesh is heat resistant. [mutagenic meat]
 72676 | Abyss:2  | Lost mutation: You are partially covered in iridescent scales (AC +4). [mutagenic meat]
 72677 | Abyss:2  | Gained mutation: Your spells are a little harder to cast, but a little more powerful. [mutagenic meat]
 72678 | Abyss:2  | Lost mutation: You are weak. (Str -2) [mutagenic meat]
 72793 | Abyss:2  | Reached skill level 26 in Crossbows
 72924 | Abyss:2  | Received a gift from Trog
 72938 | Abyss:2  | Reached skill level 15 in Stealth
 73180 | Abyss:4  | Got an abyssal rune of Zot
 73232 | Abyss:5  | Entered Level 5 of the Abyss
 73427 | Depths:3 | Escaped the Abyss
 73681 | Crypt:1  | Entered Level 1 of the Crypt
 74549 | Vaults:4 | Bought 3 scrolls of enchant weapon for 315 gold pieces
 74952 | Vaults:5 | Received a gift from Trog
 75015 | Vaults:5 | Received a gift from Trog
 75030 | Vaults:5 | Received a gift from Trog
 75151 | Vaults:5 | Received a gift from Trog
 75764 | Vaults:5 | Received a gift from Trog
 75899 | Vaults:5 | Got a warped chain mail
 75900 | Vaults:5 | Identified the +2 chain mail "Zysod" {rN+} (You took it off a vault warden on level 5 of the Vaults)
 75903 | Vaults:5 | Gained mutation: Your mind is acute. (Int +2) [potion of beneficial mutation]
 75904 | Vaults:5 | Gained mutation: You are partially covered in icy blue scales (AC +1). [potion of beneficial mutation]
 76445 | Vaults:5 | Found Qaqaruni's Food Emporium.
 76490 | Vaults:5 | Got a polished scale mail
 76491 | Vaults:5 | Identified the +5 scale mail "Jimakk" {rC+} (You found it on level 5 of the Vaults)
 76715 | Vaults:5 | Got a silver rune of Zot
 77646 | Zot:1    | Entered Level 1 of the Realm of Zot
 77732 | Zot:1    | Reached skill level 15 in Armour
 77778 | Zot:1    | Received a gift from Trog
 79260 | Zot:2    | Received a gift from Trog
 79970 | Zot:3    | Noticed an orb of fire
 80015 | Zot:3    | Gained mutation: You are partially covered in yellow scales (AC +2). [an orb of fire]
 80016 | Zot:3    | Killed an orb of fire
 81452 | Zot:5    | Entered Level 5 of the Realm of Zot
 81691 | Zot:5    | Received a gift from Trog
 82210 | Zot:5    | Noticed an ancient lich
 82223 | Zot:5    | Noticed an ancient lich
 82226 | Zot:5    | Killed an ancient lich
 82232 | Zot:5    | HP: 10/276 [ancient lich/crystal spear (72)]
 82233 | Zot:5    | Killed an ancient lich
 82241 | Zot:5    | Slain by a golden dragon

Vault maps used:
D:1:      dpeg_arrival_fog, nemelex_deck
D:2:      tso_altar, nicolae_overflow_crystal_walls, lemuel_blue_sif_altar,
          uniq_sigmund
D:3:      wad_lake_hut, fedhas_altar_2
D:4:      lemuel_round_altar, okawaru_ov_weapons_minmay, first_bread,
          uniq_menkaure
D:5:      lemuel_round_altar, serial_shops, nicolae_shop_waterfront,
          minivault_24, lemuel_angel_altar
D:6:      kennysheep_spiral_hall, minmay_temple_entry_grid,
          kennysheep_generic_room_2
D:7:      kennysheep_mini_moat, uniq_prince_ribbit1, uniq_pikel
D:8:      serial_shops, shop, grunt_pizzeria, hex_intersection
D:9:      lemuel_upstairs_altar, basic_altar, fountainhead, uniq_erolcha
D:10:     lair_0_dummy, serial_shops, kennysheep_little_box
D:11:     kennysheep_big_flooded_room, hiddenorc2_lemuel
D:12:     hangedman_decor_points, uniq_psyche, uniq_maud
D:13:     grunt_vaults_entry_fortified, uniq_azrael
D:14:     kennysheep_cluttered_room
D:15:     gammafunk_enter_depths_forms, serial_shops, nicolae_shop_behind_doors,
          minmay_misc_feat_rugged, uniq_nessos, uniq_urug
Lair:1:   portal_ice_cave_entry_ice_beasts
Lair:3:   minmay_shoals_entry_centaurs, minmay_snake_entry_six_corridors,
          zaba_anthole, pond, grunt_megastairs_2
Lair:5:   special_room
Lair:6:   dpeg_slime_entry_corner, columned_hall_lemuel, grunt_megastairs_4
Lair:7:   beast_lair_carwin_3
Lair:8:   hangedman_lair_caniforms_friends, guppyfry_lair_end_dragon,
          lemuel_fruit_tree, infiniplex_staircase_pool_2
Shoals:1: nicolae_shoals_aquamancer_cove
Shoals:2: uniq_kirke
Shoals:3: serial_shops, shop, uniq_ilsuiw
Shoals:4: shoals_end_simple, shoal_ilsuiw, nicolae_shoals_square_sea_wall
Snake:2:  special_room, grunt_megastairs_3
Snake:3:  nicolae_snake_serpentine_hallways, st_stairs_10
Snake:4:  grunt_snake_rune_serpentine_throne, uniq_donald, uniq_jorgrun
Orc:1:    uniq_maurice
Orc:2:    grunt_orc_tribal_feast
Elf:1:    enter_trove_6, serial_shops, shop, basic_altar, orc_legates,
          uniq_louise
Elf:2:    st_stairs_5, uniq_asterion, uniq_wiglaf
Elf:3:    minmay_elf_hall_dome, basic_altar, serial_sigils_hangedman_quiver,
          basic_stair_grate_trap
Vaults:1: grunt_vaults_hallway_short, vaults_room_hangedman_quadrants,
          v_misc_30, hangedman_vaults_corner, v_misc_11, vaults_dpeg_hooks,
          hangedman_vaults_stagger, hangedman_vaults_nails, v_alt_pattern_6,
          nicolae_vaults_circle_grid_a
Vaults:2: dpeg_vaults_waves, minmay_crypt_entry_simple_walls, v_alt_pattern_3,
          hangedman_vaults_nails, grunt_vaults_hallway_short,
          nicolae_vaults_angled_halls, ontoclasm_vaults_ring_large,
          nicolae_vaults_little_squares_6, v_rooms_4, ontoclasm_vaults_fault,
          grunt_vaults_twisty, vaults_dpeg_diagonal, ontoclasm_vaults_spin,
          nicolae_vaults_little_squares_6, v_alt_pattern_1,
          vaults_room_semicircle, ontoclasm_vaults_decontamination,
          serial_shops, shop
Vaults:3: dpeg_vaults_monster_box, v_rooms_4, v_misc_24, hangedman_vaults_snaps,
          vaults_room_fours, vaults_standard_mumra_x, serial_shops,
          nicolae_shop_behind_doors, lightli_enter_wizlab_magi_temple
Vaults:4: nicolae_vaults_murderbox, nicolae_vaults_rhombus_7,
          vaults_standard_mumra_enter_the_diamond, vaults_room_pools,
          nicolae_vaults_yaktaur_gun_rack, ontoclasm_vaults_gateway,
          ontoclasm_vaults_ring_small, ontoclasm_vaults_ligature,
          v_alt_pattern_2, ontoclasm_vaults_twist, v_misc_12,
          nicolae_vaults_alarming, nicolae_vaults_little_squares_4,
          hangedman_vaults_maws, nicolae_vaults_asterisk, serial_shops, shop
Crypt:1:  grunt_crypt_arrival_webbed
Depths:1: enter_ziggurat_c, grunt_hell_entry_demonic_statue,
          hangedman_glass_teeth, serial_bayou_pond_e, statue_in_the_mist_lemuel,
          nooodl_food_tri, uniq_norris
Depths:2: lightli_tower_of_babel, hell_entry, infiniplex_staircase_squiggle,
          st_stairs_8, grunt_tower_of_power, serial_bayou_shore_a
Depths:3: kennysheep_gozag_temple, hellmouth_1, pan_entry,
          nicolae_abyss_entry_one_way_or_another
Depths:4: hangedman_spin_cycle, abyss_entry, hell_entry
Depths:5: grunt_zot_entry_tricorne, moated_statue, hell_entry,
          lemuel_flame_loot_1, uniq_xtahua, uniq_margery, uniq_sojobo
Zot:2:    basic_loot_grate_trap
Zot:5:    basic_stair_grate_trap
Abyss:3:  grunt_abyss_rune_wretched_hive
Abyss:4:  grunt_abyss_rune_wretched_hive, evilmike_abyss_exit_8
Abyss:5:  minivault_13, grunt_abyss_exit_deep_breaths,
          evilmike_abyss_exit_disperse
IceCv:    ice_cave_statue_garden_02
WizLab:   wizlab_doroklohe

Action                   |  1- 3 |  4- 6 |  7- 9 | 10-12 | 13-15 | 16-18 | 19-21 | 22-24 | 25-27 || total
-------------------------+-------+-------+-------+-------+-------+-------+-------+-------+-------++-------
Melee: Short sword       |    86 |   150 |   470 |   179 |       |       |       |       |       ||   885
       Rapier            |       |       |       |   431 |       |       |       |       |       ||   431
       Lajatang          |       |       |       |   241 |  1053 |  1224 |  1468 |  1366 |  2248 ||  7600
 Fire: Hunting sling     |    13 |    95 |    62 |       |       |       |       |       |       ||   170
       Blowgun           |       |       |       |     6 |       |       |       |       |       ||     6
       Arbalest          |       |       |       |       |       |       |       |   151 |  1012 ||  1163
Throw: Stone             |       |     2 |     7 |    38 |     6 |    23 |       |       |       ||    76
       Tomahawk          |       |       |    29 |   137 |   117 |   125 |   136 |    20 |       ||   564
Invok: Berserk           |     2 |     3 |    10 |    18 |    17 |    17 |    15 |    10 |     9 ||   101
       Trog's Hand       |       |     1 |     5 |     3 |     4 |     6 |     9 |    11 |    13 ||    52
       Brothers in Arms  |       |       |     1 |     1 |     5 |     3 |    11 |     5 |     3 ||    29
 Abil: Stop Flying       |       |       |       |       |       |       |       |     2 |       ||     2
       Evoke Flight      |       |       |       |       |       |       |       |     2 |       ||     2
Evoke: Deck              |     1 |       |     1 |     1 |     5 |    10 |     6 |    17 |    28 ||    69
       Wand              |       |       |       |       |     2 |     1 |     5 |     7 |     6 ||    21
       Lamp of fire      |       |       |       |       |       |       |       |       |     1 ||     1
  Use: Scroll            |       |     5 |     5 |     7 |     7 |     8 |    10 |    13 |    47 ||   102
       Potion            |       |       |     1 |     3 |     1 |     3 |     3 |       |     3 ||    14
 Stab: Sleeping          |       |       |       |    10 |    42 |    32 |    24 |    19 |     1 ||   128
       Distracted        |       |       |       |       |     8 |     9 |    10 |    11 |     2 ||    40
  Eat: Chunk             |    11 |     9 |    21 |    52 |    52 |    56 |    61 |    53 |    83 ||   398
       Beef jerky        |       |       |       |       |       |       |       |       |     3 ||     3
       Royal jelly       |       |       |       |       |       |       |       |       |     1 ||     1
       Pizza             |       |       |       |       |       |       |       |       |     1 ||     1
